 Dungeon Sprint DCSS version 0.28-b1-1-g3c77fb2ed1 (webtiles) character file.

Game seed: 200004778171258203

3939 boopmooplesden the Severer (level 10, -11/103 HPs)
             Began as a Minotaur Fighter on Jan 30, 2022.
             Was a Believer of Okawaru.
             Killed from afar by a death drake (20 damage)
             ... with a foul vapour
             ... in the Dungeon (Sprint II: "The Violet Keep of Menkaure").
             The game lasted 00:06:51 (1487 turns).

boopmooplesden the Severer (Minotaur Fighter)       Turns: 1487, Time: 00:06:53

Health: -11/103    AC: 16    Str: 22    XL:     10   Next: 1%
Magic:  0/9        EV: 14    Int:  5    God:    Okawaru [**....]
Gold:   39         SH: 16    Dex: 16    Spells: 9/9 levels left

rFire   + . .      SeeInvis .   d - +5 war axe of Dried Tears {flame, Stlth+}
rCold   . . .      Faith    .   o - +2 kite shield {AC+3}
rNeg    . . .      Spirit   +   m - +2 scale mail {rF+}
rPois   .          Reflect  .   (helmet restricted)
rElec   .          Harm     .   (no cloak)
rCorr   .          Rampage  +   (no gloves)
Will    .....      NoTele   +   (no boots)
Stlth   +++.......              k - amulet of Seluak {Spirit Rampage Dex+3}
HPRegen 0.27/turn               (no ring)
MPRegen 0.11/turn               (no ring)

@: lethally poisoned (-11 -> -30), heroic, slowed, very slow
A: horns 2, retaliatory headbutt
a: Renounce Religion, Heroism


You were in the Dungeon.
You worshipped Okawaru.
Okawaru was pleased with you.
You visited 1 branch You collected 1218 gold pieces.
You spent 1179 gold pieces at shops.

Inventory:

Hand Weapons
 a - a +0 war axe
 d - the +5 war axe of Dried Tears (weapon) {flame, Stlth+}
   (You bought it in a shop in the Dungeon)

   It burns those it strikes, dealing additional fire damage.
   Big, fiery blades are also staple armaments of hydra-hunters.
   Stlth:     It makes you more stealthy.
Armour
 b - a +0 scale mail
 c - a +1 buckler
 m - a +2 scale mail of fire resistance (worn)
 o - a +2 kite shield of protection (worn)
Jewellery
 i - an amulet of the acrobat
 k - the amulet of Seluak (around neck) {Spirit Rampage Dex+3}
   (You bought it in a shop in the Dungeon)

   [amulet of guardian spirit]

   It causes incoming damage to be divided between your reserves of health and
   magic.
   Dex:       It affects your dexterity (+3).
   Rampage:   It bestows one free step when moving towards enemies.
 p - an amulet of the acrobat
Scrolls
 j - 2 scrolls of blinking
 l - 5 scrolls of identify
Potions
 e - a potion of curing
 g - 2 potions of haste
 h - 5 potions of magic
 n - 2 potions of flight
 r - 3 potions of resistance


   Skills:
 + Level 14.1(19.1) Fighting
 + Level 16.0(21.0) Axes
 + Level 14.0(19.0) Armour
 + Level 3.5(8.5) Dodging
 + Level 0.8(5.8) Stealth
 + Level 12.2(17.2) Shields
 + Level 1.0 Invocations


You had 9 spell levels left.
You didn't know any spells.
Your spell library contained the following spells:

 Spells                   Type           Power      Damage    Failure   Level
 Sting                    Tmut/Pois      0%         1d3       83%         1
 Poisonous Vapours        Pois/Air       0%         N/A       93%         2
 Flame Wave               Conj/Fire      0%         2d4       100%        4
 Olgreb's Toxic Radiance  Pois           0%         N/A       100%        4
 Irradiate                Conj/Tmut      0%         3d13      100%        5
 Statue Form              Tmut/Erth      0%         N/A       100%        6


Dungeon Overview and Level Annotations

Branches:
Dungeon (1/1)

Altars:
Cheibriados
Dithmenos
Elyvilon
Fedhas
Gozag
Hepliaklqana
Kikubaaqudgha
Makhleb
Nemelex Xobeh
Okawaru
Qazlal
Ru
Sif Muna
Trog
Uskayaw
Vehumet
Wu Jian
Xom
Yredelemnul
Zin
The Shining One
Beogh
Jiyva
Lugonu

Shops:
D :!=[:!*:=?(=[!!

Annotations:
D exclusions: ice statue and oklob plant


Innate Abilities, Weirdness & Mutations

You have a pair of horns on your head.
You reflexively headbutt those who attack you in melee.


Message History

You feel better. You block the death drake's attack. x2
You slash the death drake! You burn the death drake.
You headbutt the death drake, but do no damage.
The death drake is lightly wounded.
The death drake bites you but does no damage.
You block the death drake's attack.
You completely miss the death drake.
The death drake is lightly wounded.
The death drake breathes miasma at you. The foul vapour engulfs you.
You are poisoned.
You slash the death drake! You burn the death drake.
The death drake is moderately wounded.
You are engulfed in dark miasma.
You are lethally poisoned!
You feel as though you will be slow longer.
* * * LOW HITPOINT WARNING * * *
You feel extremely sick. You block the death drake's attack. x2
You feel better.
You are engulfed in dark miasma.
You are poisoned.
* * * LOW HITPOINT WARNING * * *
x2 You feel extremely sick.
You block the death drake's attack. The death drake barely misses you.
You furiously retaliate!
You headbutt the death drake. You completely miss the death drake.
You headbutt the death drake!
The death drake is heavily wounded.
You are engulfed in dark miasma.
You are more poisoned.
* * * LOW HITPOINT WARNING * * *
x2 You feel extremely sick.
The death drake bites you but does no damage.
Unknown command.
You feel better. The death drake bites you.
* * * LOW HITPOINT WARNING * * *
The death drake breathes miasma at you. The foul vapour engulfs you!!
You are lethally poisoned!
You feel as though you will be slow longer.
You die...

≈°≈≈**,≈,,,,,**#...▓≈≈≈≈≈≈≈≈▓▓*,,
#+++##***,,,,*k*#:°▓▓▓▓▓▓▓▓▓▓▓*+*
.....#,,+,,..*,.#○:▓(.).....▓▓,,,
'##..#,,***#.*,☼#))▓.).)[..(▓▓,⌠,
#.##.####,,+.##°#)"▓(..(...(▓▓,,,
##.#....#,,*..k####▓)..[.(..▓▓,,,
.#####..##**#.☼##.#▓.....([.▓▓,,,
'###.##..#,,+.°#..#▓[.(.[.).▓▓,,,
.##...#..#,,#..#@.#▓[[....((▓▓,⌠,
<.')#.'..####..##k#▓[..(.[..▓▓,,,
.##...#....###.k.##▓▓▓▓▓▓▓'▓▓▓▓+▓
'###.##....§.≈≈)≈°≈≈≈≈≈≈≈≈...Xw≈▓
######≈≈....§≈#'########'###.≈w≈▓
#..#≈≈≈§≈§§.§≈#_._.....#§§≈##≈≈≈▓
..##≈≈≈≈§≈≈≈.≈#._._....#≈§§§####▓
'##≈≈≈≈§§§§≈≈≈#_._._...#§§≈§§#*,,
≈≈≈≈≈≈≈≈≈§§≈≈≈#._._._..#§§≈§§§#,,


You could see a death drake (catching breath).

Vanquished Creatures
  A crystal guardian (D)
  A death drake (D)
  A merfolk siren (D)
  A yaktaur (D)
  A hornet (D)
  3 polar bears (D)
  2 wyverns (D)
  Menkaure (D)
  3 neqoxecs (D)
  A vampire mosquito (D)
  3 water moccasins (D)
  2 swamp drakes (D)
  3 worms (D)
23 creatures vanquished.

Vanquished Creatures (others)
  A neqoxec (D)
  A water moccasin (D)
  16 tentacles (D)
18 creatures vanquished.

Grand Total: 41 creatures vanquished

Notes
Turn   | Place    | Note
-------+----------+-------------------------------------------
     0 | D        | boopmooplesden the Minotaur Fighter began the quest for the
                  | Orb.
     0 | D        | Reached XP level 1. HP: 19/19 MP: 0/0
     1 | D        | Noticed a merfolk siren
    16 | D        | Killed a merfolk siren
    17 | D        | Reached skill level 5 in Axes
    17 | D        | Reached XP level 2. HP: 4/38 MP: 1/1
    17 | D        | Reached XP level 3. HP: 5/45 MP: 2/2
    17 | D        | Reached XP level 4. HP: 6/51 MP: 3/3
    17 | D        | Reached XP level 5. HP: 7/58 MP: 4/4
    17 | D        | Reached XP level 6. HP: 7/66 MP: 5/5
   195 | D        | Killed a water moccasin
   317 | D        | Noticed Menkaure
   326 | D        | Killed Menkaure
   327 | D        | Reached skill level 10 in Fighting
   327 | D        | Reached skill level 6 in Axes
   338 | D        | Noticed a wyvern
   338 | D        | Noticed a wyvern
   342 | D        | Killed a wyvern
   343 | D        | Reached skill level 7 in Axes
   343 | D        | Reached skill level 10 in Armour
   343 | D        | Reached skill level 10 in Shields
   343 | D        | Reached XP level 7. HP: 56/74 MP: 6/6
   344 | D        | Killed a wyvern
   345 | D        | Reached skill level 8 in Axes
   351 | D        | Noticed a neqoxec
   354 | D        | Noticed a neqoxec
   355 | D        | Killed a neqoxec
   355 | D        | Noticed a neqoxec
   356 | D        | Reached skill level 9 in Axes
   363 | D        | Killed a neqoxec
   367 | D        | Killed a neqoxec
   368 | D        | Reached skill level 10 in Axes
   368 | D        | Reached XP level 8. HP: 50/83 MP: 7/7
   370 | D        | Noticed an ice statue
   382 | D        | Found Woepnedics's Distillery.
   383 | D        | Found Got Yse's Jewellery Shoppe.
   384 | D        | Found Pudull's Jewellery Shoppe.
   384 | D        | Found Corurim's Book Emporium.
   384 | D        | Found Vydaen Ocvu's General Store.
   385 | D        | Found Rowiexisch's Distillery.
   385 | D        | Found Cuorruun's Book Shoppe.
   399 | D        | Reached skill level 1 in Dodging
   404 | D        | Found Asio's Antique Weapon Shoppe.
   404 | D        | Found Viude's Antique Armour Emporium.
   405 | D        | Found Rait Jej's Jewellery Shoppe.
   405 | D        | Found Syppedic's Distillery.
   405 | D        | Found Meiwnuf's Antique Armour Shoppe.
   406 | D        | Found Dinnoru's Distillery.
   406 | D        | Found Benauc's Magic Scroll Emporium.
   408 | D        | Noticed an oklob plant
   408 | D        | Noticed a fire dragon
   409 | D        | Found Miew's Book Shoppe.
   416 | D        | Bought a scorched war axe for 263 gold pieces
   416 | D        | Identified the +5 war axe of Dried Tears {flame, Stlth+}
                  | (You bought it in a shop in the Dungeon)
   433 | D        | Bought the amulet of Seluak {Spirit Rampage Dex+3} for 519
                  | gold pieces
   618 | D        | Found an iron altar of Okawaru.
   618 | D        | Found a radiant altar of Vehumet.
   618 | D        | Found a glowing silver altar of Zin.
   619 | D        | Found a sparkling altar of Nemelex Xobeh.
   619 | D        | Found a hide-covered altar of Uskayaw.
   619 | D        | Found a basalt altar of Yredelemnul.
   620 | D        | Found an opulent altar of Gozag.
   620 | D        | Found a burning altar of Makhleb.
   620 | D        | Found a bloodstained altar of Trog.
   621 | D        | Found a blossoming altar of Fedhas.
   621 | D        | Found a corrupted altar of Lugonu.
   621 | D        | Found a shimmering blue altar of Sif Muna.
   622 | D        | Found a white marble altar of Elyvilon.
   622 | D        | Found an ancient bone altar of Kikubaaqudgha.
   623 | D        | Found a shadowy altar of Dithmenos.
   623 | D        | Found a viscous altar of Jiyva.
   624 | D        | Found a snail-covered altar of Cheibriados.
   626 | D        | Found a shimmering altar of Xom.
   626 | D        | Found a sacrificial altar of Ru.
   626 | D        | Found a hazy altar of Hepliaklqana.
   626 | D        | Noticed a hornet
   626 | D        | Noticed a polar bear
   626 | D        | Noticed a polar bear
   627 | D        | Found a glowing golden altar of the Shining One.
   627 | D        | Found an ornate altar of the Wu Jian Council.
   627 | D        | Found a stormy altar of Qazlal.
   627 | D        | Noticed a yaktaur
   627 | D        | Noticed a polar bear
   628 | D        | Became a worshipper of Warmaster Okawaru
   632 | D        | Killed a polar bear
   633 | D        | Reached skill level 11 in Axes
   634 | D        | Killed a hornet
   634 | D        | Reached * piety under Okawaru
   635 | D        | Reached skill level 12 in Axes
   636 | D        | Killed a polar bear
   640 | D        | Killed a polar bear
   641 | D        | Reached skill level 13 in Axes
   641 | D        | Reached XP level 9. HP: 60/93 MP: 4/8
   643 | D        | Killed a yaktaur
   860 | D        | Noticed a kraken
   871 | D        | Reached skill level 14 in Axes
   877 | D        | Reached ** piety under Okawaru
  1286 | D        | Got the Grimoire of the Blaze and Transmutation
  1328 | D        | Bought a glowing scale mail for 182 gold pieces
  1340 | D        | Bought a +2 kite shield of protection for 215 gold pieces
  1394 | D        | Noticed a death drake
  1395 | D        | Noticed a death drake
  1436 | D        | Killed a death drake
  1437 | D        | Reached skill level 15 in Axes
  1442 | D        | Noticed a crystal guardian
  1468 | D        | Killed a crystal guardian
  1469 | D        | Reached skill level 16 in Axes
  1469 | D        | Reached skill level 1 in Invocations
  1469 | D        | Reached XP level 10. HP: 55/103 MP: 5/9
  1486 | D        | HP: 1/103 [poisoned by a death drake (dark miasma)]
  1487 | D        | Killed from afar by a death drake

Illustrated notes

Levels and vault maps discovered:
D:        the_violet_keep_of_menkaure [sprint2_stairs_cluster_1,
          sprint2_shoproom, sprint2_temple, sprint2_basic_supplies,
          sprint2_obstacle_2, sprint2_obstacle_7, sprint2_obstacle_5,
          sprint2_obstacle_3, sprint2_obstacle_1, sprint2_timed_cluster_1,
          sprint2_smallroom_cluster_1, sprint2_smallroom_final_cluster_1,
          sprint2_transparent_cluster_1, sprint2_second_timed_cluster_1,
          sprint2_sniper_area_1, sprint2_heavy_combat_area_1,
          sprint2_mutation_trap_area_1, sprint2_forest_area_1,
          sprint2_light_combat_area_1, sprint2_behind_water_1,
          sprint2_near_end_vault_1]

Skill      XL: |  1  2  3  4  5  6  7  8  9 |
---------------+----------------------------+-----
Fighting       | 9 11 12 13 14 | 14.1
Axes           | 5 7 10 13 16 | 16.0
Armour         | 9 10 11 12 14 | 14.0
Shields        | 9 10 11 12 | 12.2
Dodging        | 1 3 |  3.5
Invocations    | 1 |  1.0
Stealth        | |  0.8

Action                   |  1- 3 |  4- 6 |  7- 9 | 10-12 || total
-------------------------+-------+-------+-------+-------++-------
Melee: War axe           |    13 |    14 |    78 |     4 ||   109
       Headbutt          |       |     3 |    17 |     2 ||    22
Invok: Heroism           |       |       |     3 |     1 ||     4
  Use: Potion            |     1 |       |     2 |     5 ||     8
       Scroll            |       |       |     6 |       ||     6
Armor: Scale mail        |       |     2 |    17 |     3 ||    22
Dodge: Dodged            |       |     7 |    26 |     2 ||    35
Block: Buckler           |       |       |    22 |       ||    22
       Kite shield       |       |       |    11 |     7 ||    18
